Match 42581720
Unlisted

Match 42581720
End
Construct Infanterie Kompanie
Selects Terror Battlegroup
Selects Machine Gun Camouflage
MG 42 Machine Gun Team
Grenadier Squad
GrW 34 Mortar Team
Grenadier Squad
Infanterie Officer Quarters
Grenadier Squad
Grenadier Squad
Construct Panzergrenadier Kompanie
Selects Interrogate
Pak 40 Anti-tank Gun Team
MG 42 Machine Gun Team
MG 42 Machine Gun Team
Selects Jericho Trumpet
Construct Panzer Kompanie
Pak 40 Anti-tank Gun Team
Stoßtruppen Squad
Panzer IV Medium Tank
Selects V1 Rocket Strike
V1 Rocket Strike
Stoßtruppen Squad
Pak 40 Anti-tank Gun Team
Pak 40 Anti-tank Gun Team
Phan
Dark Angels
Tirant
SoldMyDad
Gear-IV-G
Shark
Thomas Shelby
와 시바 아이디 또해킹당했노
0
0

Comments sign in to comment!

No comments posted yet!